 Dungeon Crawl Stone Soup version 0.21-a0-46-gdf2c162 (webtiles) character file.

3773 Duffy the Destroyer (level 9, 45/45 HPs)
             Began as a Deep Elf Fire Elementalist on June 8, 2017.
             Was an Initiate of Vehumet.
             Quit the game on level 8 of the Dungeon.
             The game lasted 00:16:53 (11264 turns).

Duffy the Destroyer (Deep Elf Fire Elementalist)   Turns: 11264, Time: 00:16:53

Health: 45/45      AC:  7    Str:  5    XL:     9   Next: 94%
Magic:  24/24      EV: 13    Int: 24    God:    Vehumet [......]
Gold:   512        SH:  0    Dex: 15    Spells: 14/27 levels left

rFire    + . .     SeeInvis .   J - +5 battleaxe
rCold    . . .     Gourm    .   (shield currently unavailable)
rNeg     . . .     Faith    .   H - +2 robe
rPois    .         Spirit   .   m - +0 helmet
rElec    .         Reflect  .   a - +0 cloak
rCorr    .         Harm     .   (no gloves)
MR       .....                  l - +0 pair of boots (curse)
Stlth    ++........             (no amulet)
Regen    0.2/turn               K - ring of fire
MPRegen  0.2/turn               e - ring of protection from cold

@: no status effects
A: no striking features
a: Renounce Religion


You were on level 8 of the Dungeon.
You worshipped Vehumet.
Vehumet was noncommittal.
You were not hungry.

You visited 2 branches of the dungeon, and saw 9 of its levels.
You also visited: Ossuary.

You collected 512 gold pieces.

Inventory:

Hand Weapons
 d - a +2 spear of pain
 J - a +5 battleaxe (weapon)
Armour
 a - a +0 cloak (worn)
 l - a cursed +0 pair of boots (worn)
 m - a +0 helmet (worn)
 y - a +0 buckler
 H - a +2 robe (worn)
Jewellery
 e - a ring of protection from cold (right hand)
 z - a +2 ring of intelligence
 K - a ring of fire (left hand)
Wands
 A - a wand of acid (7/15)
 I - a wand of disintegration (4/24)
 M - a wand of random effects (20/48)
Scrolls
 f - 4 scrolls of identify
 j - 3 scrolls of amnesia {unknown}
 n - a scroll of teleportation {unknown}
 o - 6 scrolls of remove curse {unknown}
 q - a scroll of fear {unknown}
 r - 2 scrolls of magic mapping {unknown}
 s - 4 scrolls of enchant armour {unknown}
 t - 8 scrolls of immolation {unknown}
 u - 2 scrolls of enchant weapon {unknown}
 B - 2 scrolls of recharging {unknown}
 G - 2 scrolls of fog {unknown}
Potions
 h - 4 potions of flight
 i - 2 potions of lignification
 p - 3 potions of invisibility
 w - 2 potions of heal wounds
 x - 2 potions of agility
 C - a potion of mutation
 D - 3 potions of haste
 E - 2 potions of curing
Books
 b - a book of Flames

   Spells                             Type                      Level
   a - Flame Tongue                   Conjuration/Fire             1
   b - Throw Flame                    Conjuration/Fire             2
   c - Conjure Flame                  Conjuration/Fire             3
   d - Inner Flame                    Hexes/Fire                   3
   e - Sticky Flame                   Conjuration/Fire             4
   f - Fireball                       Conjuration/Fire             5
 F - a book of Geomancy

   Spells                             Type                      Level
   a - Sandblast                      Earth                        1
   b - Passwall                       Transmutation/Earth          2
   c - Stone Arrow                    Conjuration/Earth            3
   d - Petrify                        Transmutation/Earth          4
   e - Lee's Rapid Deconstruction     Earth                        5
Comestibles
 c - a bread ration
 g - 2 royal jellies
 k - a fruit
 v - 4 meat rations
 L - a chunk of flesh


   Skills:
 - Level 2.4 Dodging
 - Level 2.4 Stealth
 + Level 9.5 Spellcasting
 * Level 11.1 Conjurations
 + Level 8.5 Fire Magic


You had 14 spell levels left.
You knew the following spells:

 Your Spells              Type           Power        Failure   Level  Hunger
a - Flame Tongue          Conj/Fire      #####        1%          1    None
j - Sticky Flame          Conj/Fire      ######..     1%          4    ##.....
k - Fireball              Conj/Fire      ######....   2%          5    ####...
l - Conjure Flame         Conj/Fire      ######..     1%          3    None


Dungeon Overview and Level Annotations

Branches:
Dungeon (8/15)             Temple (1/1) D:7
   Lair: D:8-11

Altars:
Ashenzari
Cheibriados
Dithmenos
Elyvilon
Fedhas
Gozag
Hepliaklqana
Kikubaaqudgha
Makhleb
Nemelex Xobeh
Okawaru
Qazlal
Ru
Sif Muna
Trog
Uskayaw
Vehumet
Wu Jian
Xom
Yredelemnul
Zin
The Shining One
Jiyva

Shops:
D:5 (   D:6 *


Message History

Press: ? - help, Shift-Dir - straight line, f - adder
Aim: an adder You feel a surge of power!
The sticky flame hits the adder.
The adder is almost dead.
The adder is covered in liquid flames!
The adder burns!
You kill the adder!
Vehumet accepts your kill.
You see here an adder corpse.
You butcher the adder corpse.
L - a chunk of flesh Done exploring.
Done exploring.
(D) Dungeon (T) Temple
Where to? (Enter - D:7, ? - help)
There is a stone staircase leading down here.
You climb downwards.
There is a stone staircase leading up here.
Found a dagger.
An orc comes into view. It is wielding a hand axe.
Are you sure you want to abandon this character and quit the game? (Confirm with "yes".)

#.# ###.###.####
.......<...#
.##..#####.######.#
... #....).... # #
#........# #o
#..#######
#..#####..#
#...@.....#
#.#########


You could see an orc (sleeping).

Vanquished Creatures
  Grinder (D:6)
  A hornet (D:7)
  A wyvern (D:6)
  A hungry ghost (D:7)
  Duvessa (D:4)
  2 ice beasts
  An orc warrior (D:6)
  3 ogres
  2 phantoms
  A centaur (D:7)
  A big kobold (D:7)
  An elf zombie (Ossuary)
  4 bullfrogs
  Dowan (D:4)
  4 killer bees (D:7)
  3 wights (D:6)
  2 howler monkeys (D:7)
  4 crimson imps
  2 human zombies (Ossuary)
  2 bullfrog skeletons (D:4)
  7 hounds
  3 orc priests
  A centaur skeleton (D:5)
  4 orc wizards
  An iguana (D:5)
  4 worker ants
  2 big kobold zombies (Ossuary)
  2 hound zombies
  A hound skeleton (D:7)
  4 mummies (Ossuary)
  Robin (D:2)
  13 gnolls
  11 adders
  2 shadow imps (D:5)
  An ooze (D:3)
  5 adder zombies
  3 worms
  2 dart slugs
  8 leopard geckos
  17 orcs
  6 bats
  7 giant cockroaches
  15 goblins
  16 hobgoblins
  15 jackals
  3 quokkas
  5 ball pythons
  5 frilled lizards
  A giant cockroach zombie (D:4)
  A goblin zombie (Ossuary)
  2 hobgoblin zombies (Ossuary)
  5 kobolds
  A kobold zombie (Ossuary)
  2 leopard gecko skeletons (D:4)
  6 rats
220 creatures vanquished.

Vanquished Creatures (others)
  A hobgoblin (D:1)
  2 jackals (D:1)
3 creatures vanquished.

Grand Total: 223 creatures vanquished

Notes
Turn   | Place    | Note
-------+----------+-------------------------------------------
     0 | D:1      | Duffy the Deep Elf Fire Elementalist began the quest for the Orb.
     0 | D:1      | Reached XP level 1. HP: 10/10 MP: 6/6
   325 | D:1      | Reached XP level 2. HP: 15/15 MP: 5/8
   869 | D:2      | Found a sparkling altar of Nemelex Xobeh.
   963 | D:2      | Reached skill level 2 in Conjurations
  1114 | D:2      | Reached XP level 3. HP: 19/19 MP: 8/10
  1120 | D:2      | Learned a level 3 spell: Conjure Flame
  1176 | D:2      | Noticed Robin
  1227 | D:2      | Killed Robin
  1669 | D:2      | Reached XP level 4. HP: 24/24 MP: 4/11
  1860 | D:2      | Learned a level 4 spell: Sticky Flame
  1920 | D:2      | Reached skill level 3 in Conjurations
  2509 | D:3      | Reached XP level 5. HP: 27/28 MP: 7/13
  2959 | D:3      | Learned a level 5 spell: Fireball
  3059 | D:3      | Reached skill level 4 in Conjurations
  3060 | D:3      | Found an ancient bone altar of Kikubaaqudgha.
  3079 | D:3      | Found a snail-covered altar of Cheibriados.
  3552 | D:4      | Reached skill level 5 in Fire Magic
  3554 | D:4      | Reached XP level 6. HP: 32/32 MP: 1/15
  3680 | D:4      | Found a shadowy altar of Dithmenos.
  3786 | D:4      | Reached skill level 5 in Conjurations
  3832 | D:4      | Found a sand-covered staircase.
  3835 | D:4      | Noticed Dowan
  3837 | D:4      | Noticed Duvessa
  3841 | Ossuary  | Entered an ossuary
  3865 | Ossuary  | Reached skill level 5 in Spellcasting
  4083 | Ossuary  | Reached XP level 7. HP: 36/36 MP: 12/17
  4390 | D:4      | Killed Duvessa
  4390 | D:4      | Reached skill level 6 in Conjurations
  4391 | D:4      | Killed Dowan
  5362 | D:5      | Entered Level 5 of the Dungeon
  5378 | D:5      | Reached skill level 7 in Conjurations
  5617 | D:5      | Reached XP level 8. HP: 41/41 MP: 8/19
  6290 | D:5      | Found Fedy's Antique Weapon Shop.
  6746 | D:6      | Found a stormy altar of Qazlal.
  6787 | D:6      | Reached skill level 8 in Conjurations
  7111 | D:6      | Noticed Grinder
  7124 | D:6      | Killed Grinder
  7209 | D:6      | Found a hazy altar of Hepliaklqana.
  7211 | D:6      | Found a shimmering altar of Xom.
  7212 | D:6      | Noticed a spectral ugly thing
  7279 | D:6      | Found a sacrificial altar of Ru.
  7452 | D:6      | Found Luill's General Store.
  7456 | D:6      | Reached skill level 9 in Conjurations
  7629 | D:6      | Reached XP level 9. HP: 45/45 MP: 9/22
  8219 | D:6      | Found a bloodstained altar of Trog.
  8944 | D:6      | Found a white marble altar of Elyvilon.
  9242 | D:7      | Found an iron altar of Okawaru.
  9253 | D:7      | Reached skill level 10 in Conjurations
  9755 | D:7      | Found an opulent altar of Gozag.
  9808 | D:7      | Found a staircase to the Ecumenical Temple.
  9816 | Temple   | Entered the Ecumenical Temple
  9917 | Temple   | Became a worshipper of Vehumet
 10323 | D:7      | Found a glowing silver altar of Zin.
 10917 | D:7      | Reached skill level 11 in Conjurations
 11264 | D:8      | Quit the game

Vault maps used:
D:1:      elethiomel_arrival_quiet, minmay_misc_feat_secret_circle,
          lemuel_old_faithful
D:2:      nicolae_overflow_hidden_temple, uniq_robin
D:3:      minitemple
D:4:      minmay_opposing_rooms, marbit_many_paths, nicolae_ossuary_entry_ruins,
          feat_on_display, uniq_duvessa
D:5:      first_bread, serial_shops, nicolae_shop_crystal
D:6:      regret_index_temple_of_mockery, lightli_temple_of_fire,
          kennysheep_little_box, nicolae_ru_great_annihilating_truth,
          grunt_qazlal_clouds, serial_shops, shop, uniq_grinder
D:7:      grunt_gozag_breadcrumbs, nicolae_overflow_crystal_walls,
          okawaru_ov_weapons_minmay, minmay_temple_entry_purple_smoke
D:8:      basic_altar, grunt_livestock, uniq_erica
Temple:   pf_slimified_temple
Ossuary:  ossuary_minmay_tomb_2a

Skill      XL: |  1  2  3  4  5  6  7  8  9 |
---------------+----------------------------+-----
Conjurations   | 2 3 4 5 7 9 11 | 11.1
Fire Magic     | 4 5 6 7 8 |  8.5
Spellcasting   | 4 5 6 7 9 |  9.5
Dodging        | |  2.4
Stealth        | |  2.4

Action                   |  1- 3 |  4- 6 |  7- 9 || total
-------------------------+-------+-------+-------++-------
Melee: Spear             |       |    25 |   190 ||   215
       Battleaxe         |       |       |   115 ||   115
 Cast: Flame Tongue      |    80 |   122 |   171 ||   373
       Conjure Flame     |       |    11 |     9 ||    20
       Sticky Flame      |       |     1 |    33 ||    34
       Fireball          |       |       |     7 ||     7
Evoke: Wand              |       |       |     2 ||     2
  Use: Scroll            |       |       |     8 ||     8
 Stab: Sleeping          |       |       |     1 ||     1
  Eat: Chunk             |     2 |     8 |    16 ||    26
       Bread ration      |       |       |     3 ||     3
Armor: Robe              |     2 |       |   116 ||   118
       Animal skin       |     2 |    16 |     5 ||    23
Dodge: Dodged            |    25 |    33 |   280 ||   338
